 Dungeon Crawl Stone Soup version 0.31.0-12-g77e489cdc1 (webtiles) character file.

Game seed: 4152600679407920183

5146 Silvore the Carver (level 10, -10/76 HPs)
             Began as a Demonspawn Fighter on Feb 14, 2024.
             Was a Believer of Okawaru.
             Killed from afar by a deep elf knight (19 damage)
             ... with a lance of force
             ... on level 9 of the Dungeon.
             The game lasted 00:09:55 (7910 turns).

Silvore the Carver (Demonspawn Fighter)             Turns: 7910, Time: 00:09:56

Health: -10/76     AC: 18    Str: 21    XL:     10   Next: 33%
Magic:  10/10      EV: 10    Int:  9    God:    Okawaru [**....]
Gold:   462        SH: 20    Dex: 12    Spells: 9/9 levels left

rFire   + . .        a - +1 long sword (flame)
rCold   . . .        D - +0 tower shield
rNeg    . . .        j - quicksilver dragon scales
rPois   .            k - +2 helmet
rElec   .            (no cloak)
rCorr   .            (no gloves)
SInv    .            (no boots)
Will    +....        (no amulet)
Stlth   +            q - +4 ring of protection
HPRegen 0.32/turn    i - ring of protection from fire
MPRegen 0.12/turn

%: no passive effects
@: invisible (expiring)
A: large bone plates 2, powered by death 1, spiny 1, weakness stinger 2
a: Renounce Religion, Heroism


You were on level 9 of the Dungeon.
You worshipped Okawaru.
Okawaru was pleased with you.
You visited 2 branches of the dungeon, and saw 11 of its levels.
You also visited: Sewer.

You collected 462 gold pieces.

Inventory:

Hand Weapons
 a - a +1 long sword of flaming (weapon)
Armour
 b - a +0 scale mail
 c - a +2 buckler
 j - quicksilver dragon scales (worn)
 k - a +2 helmet (worn)
 D - a +0 tower shield (worn)
Jewellery
 i - a ring of protection from fire (right hand)
 q - a +4 ring of protection (left hand)
 u - a +4 ring of protection
Wands
 h - a wand of polymorph (14)
 p - a wand of mindburst (15)
 C - a wand of iceblast (10)
 G - a wand of flame (30)
Scrolls
 t - a scroll of fog
 v - a scroll of teleportation
 x - 3 scrolls of revelation
 y - a scroll of brand weapon
 A - a scroll of poison
Potions
 e - 9 potions of curing
 f - 2 potions of lignification
 g - 2 potions of invisibility
 l - a potion of haste
 m - 2 potions of attraction
 n - a potion of berserk rage {unknown}
 o - a potion of enlightenment {unknown}
 r - a potion of resistance {unknown}
 s - 2 potions of magic {unknown}
 w - 3 potions of cancellation
 z - a potion of brilliance {unknown}
 B - 3 potions of heal wounds


   Skills:
 + Level 6.2 Fighting
 + Level 8.7 Long Blades
 + Level 5.7 Armour
 + Level 4.6 Dodging
 + Level 1.6 Stealth
 + Level 7.5 Shields
 + Level 0.4 Unarmed Combat


You had 9 spell levels left.
You didn't know any spells.
Your spell library contained the following spells:

 Spells                   Type           Power      Damage    Failure   Level
 Magic Dart               Conj           0%         1d3       97%         1
 Sandblast                Erth           0%         2d4       97%         1
 Blink                    Tloc           0%         N/A       99%         2
 Cigotuvi's Dreadful Rot  Necr/Alch/Air  0%         N/A       99%         2
 Passwall                 Erth           0%         N/A       100%        3
 Stone Arrow              Conj/Erth      0%         3d7       100%        3
 Brom's Barrelling Bould  Conj/Erth      0%         2d3       100%        4
 Ignite Poison            Fire/Alch      0%         N/A       100%        4
 Freezing Cloud           Conj/Ice/Air   0%         6-21      100%        5
 Call Imp                 Summ           Unusable   N/A       N/A         2

Dungeon Overview and Level Annotations

Branches:
Dungeon (10/15)            Temple (1/1) D:7           Sewer (visited)
   Lair: D:8-11         Orc: D:9-12

Altars:
Ashenzari
Cheibriados
Dithmenos
Fedhas
Gozag
Hepliaklqana
Kikubaaqudgha
Makhleb
Nemelex Xobeh
Okawaru
Qazlal
Ru
Sif Muna
Trog
Uskayaw
Vehumet
Wu Jian
Xom
Yredelemnul

Shops:
D:9 ?


Innate Abilities, Weirdness & Mutations

You are mostly covered in large bone plates. (SH +6)
You regenerate a little health from kills.
You are partially covered in sharp spines.
You have a tail ending in a sharp stinger.


Message History

You miss something.
A kobold comes into view. It is wielding a +0 club.
Something hits you but does no damage.
You barely miss something.
You hear some strange, mumbled words.
A lance of force appears from out of thin air!
You block the lance of force.
You barely miss something.
The kobold shouts!
Something hits you but does no damage.
You completely miss something. You barely miss something.
Your tail-slap misses something.
Your extra speed is starting to run out.
Something hits you.
A kobold brigand comes into view.
It is wielding a +0 short sword and quivering curare-tipped darts.
You miss something.
Your tail-slap misses something.
You flicker for a moment.
You block something's attack.
You completely miss something. You tail-slap something.
Something hits you but does no damage.
You miss something.
The kobold brigand shouts!
Your tail-slap misses something.
The kobold brigand throws a curare-tipped dart.
The curare-tipped dart hits the kobold.
The kobold is poisoned.
The kobold struggles to breathe.
The kobold dies!
You closely miss something. Something completely misses you.
You barely miss something. You block something's attack.
You hit something. You burn something.
Your tail-slap misses something.
You feel yourself slow down.
You hear some strange, mumbled words.
A shard of ice appears from out of thin air!
The shard of ice hits you!!
* * * LOW HITPOINT WARNING * * *
You closely miss something.
You hear some strange, mumbled words.
A lance of force appears from out of thin air!
The lance of force hits you!!
You die...

#.###############.#
##.########### #.#
#............# #.#
#............# #.#
#........<...# #.#
#.###..........# #.#
### #.......########
#.# +.# #######.#
#)# #+#.# #######@#
#)#
....######.....#{#
#)#
....'Be...>###.#)###
#.# ....########
#....(##########.###
..∩.#
###.K...............
...e##
##..##########.###
.....## #...# #.#
#####B# #.##.# #.#
#B.## ## #..# #.#


You could see a kobold brigand (unable to see you).

Vanquished Creatures
  A centaur warrior (D:9)
  A cyclops (D:9)
  Joseph (D:7)
  A freezing wraith (D:9)
  4 yaks (D:9)
  A steam dragon (D:8)
  Duvessa (D:5)
  2 orc warriors (D:8)
  3 ice beasts
  A sky beast (D:8)
  2 black bears
  2 phantoms
  A brain worm (Sewer)
  4 kobold brigands (Sewer)
  2 bullfrogs
  Dowan (D:5)
  2 howler monkeys
  2 bombardier beetles
  7 orc priests
  3 hounds
  A gnoll bouda (D:8)
  A jelly (D:5)
  3 sleepcaps
  9 iguanas
  Jessica (D:3)
  8 orc wizards
  Natasha (thrice) (D:3)
  3 gnolls (D:8)
  A river rat (Sewer)
  12 adders
  A shadow imp (D:6)
  A white imp (D:6)
  4 ufetubi
  8 dart slugs
  6 ribbon worms
  23 orcs
  10 ball pythons
  8 endoplasms
  4 giant cockroaches (D:3)
  5 hobgoblins
  5 jackals
  10 quokkas
  6 bats
  2 frilled lizards
  13 goblins
  8 kobolds
  7 rats
205 creatures vanquished.

Vanquished Creatures (others)
  An orc warrior (D:7)
  A bombardier beetle (D:3)
  An orc wizard (D:9)
  An adder (D:3)
  An orc (D:7)
  A giant cockroach (D:3)
  A kobold (D:9)
  3 rats (D:3)
10 creatures vanquished.

Grand Total: 215 creatures vanquished

Notes
Turn   | Place    | Note
-------+----------+-------------------------------------------
     0 | D:1      | Silvore the Demonspawn Fighter began the quest for the Orb.
     0 | D:1      | Reached XP level 1. HP: 18/18 MP: 1/1
     0 | D:1      | Noticed a small abomination
     0 | D:1      | Noticed a large abomination
     4 | D:1      | Noticed a large abomination
     6 | D:1      | Noticed a large abomination
     7 | D:1      | Noticed a large abomination
     9 | D:1      | Noticed a large abomination
    10 | D:1      | Noticed a large abomination
    12 | D:1      | Noticed a large abomination
    14 | D:1      | Noticed a large abomination
    14 | D:1      | Noticed a large abomination
    16 | D:1      | Noticed a large abomination
    16 | D:1      | Noticed a large abomination
    16 | D:1      | Noticed a large abomination
    19 | D:1      | Noticed a large abomination
    19 | D:1      | Noticed a small abomination
    21 | D:1      | Noticed a large abomination
    21 | D:1      | Noticed a large abomination
    51 | D:1      | Noticed a large abomination
   271 | D:1      | Gained mutation: You are partially covered in sharp spines.
                  | [demonic ancestry]
   271 | D:1      | Reached XP level 2. HP: 14/24 MP: 2/2
   430 | D:1      | Reached skill level 2 in Long Blades
   860 | D:2      | Found a faded altar of an unknown god.
   860 | D:2      | Noticed a soul eater
   871 | D:2      | Reached XP level 3. HP: 29/29 MP: 3/3
  1244 | D:2      | You fall into a shaft and drop 1 floor!
  1341 | D:3      | Noticed Jessica
  1346 | D:3      | Killed Jessica
  1347 | D:3      | Gained mutation: You have a small tail. [demonic ancestry]
  1347 | D:3      | Reached XP level 4. HP: 26/35 MP: 4/4
  1370 | D:3      | Found a glowing drain.
  1383 | Sewer    | Entered a sewer
  1492 | Sewer    | Noticed a kobold brigand
  1507 | Sewer    | Killed a kobold brigand
  1508 | Sewer    | Reached skill level 3 in Long Blades
  1508 | Sewer    | Reached skill level 1 in Dodging
  1508 | Sewer    | Gained mutation: You have a tail ending in a sharp stinger.
                  | [demonic ancestry]
  1508 | Sewer    | Reached XP level 5. HP: 22/41 MP: 5/5
  1763 | Sewer    | Gained mutation: You are partially covered in large bone
                  | plates. (SH +4) [demonic ancestry]
  1763 | Sewer    | Reached XP level 6. HP: 47/47 MP: 6/6
  1857 | Sewer    | Reached skill level 4 in Long Blades
  2100 | Sewer    | Reached XP level 7. HP: 52/53 MP: 7/7
  2406 | D:3      | Noticed Natasha
  2410 | D:3      | Killed Natasha
  2490 | D:3      | Noticed Natasha
  2493 | D:3      | Killed Natasha
  2651 | D:3      | Noticed Natasha
  2657 | D:3      | Killed Natasha
  2790 | D:3      | Found a shimmering altar of Xom.
  3543 | D:4      | Reached skill level 5 in Long Blades
  3552 | D:4      | Reached skill level 1 in Stealth
  4170 | D:5      | Entered Level 5 of the Dungeon
  4309 | D:5      | Gained mutation: You regenerate a little health from kills.
                  | [demonic ancestry]
  4309 | D:5      | Reached XP level 8. HP: 59/60 MP: 8/8
  4319 | D:5      | Reached skill level 6 in Long Blades
  4606 | D:5      | Noticed Dowan
  4610 | D:5      | Noticed Duvessa
  4617 | D:5      | Killed Duvessa
  4620 | D:5      | Killed Dowan
  4785 | D:5      | Reached skill level 5 in Shields
  4998 | D:5      | Reached skill level 7 in Long Blades
  5862 | D:7      | Gained mutation: You are mostly covered in large bone
                  | plates. (SH +6) [demonic ancestry]
  5862 | D:7      | Reached XP level 9. HP: 66/66 MP: 9/9
  5929 | D:7      | Found an ancient bone altar of Kikubaaqudgha.
  6000 | D:7      | Found a staircase to the Ecumenical Temple.
  6011 | Temple   | Entered the Ecumenical Temple
  6031 | Temple   | Became a worshipper of Warmaster Okawaru
  6057 | D:7      | Noticed Joseph
  6096 | D:7      | Reached skill level 5 in Fighting
  6104 | D:7      | Killed Joseph
  6108 | D:7      | Reached * piety under Okawaru
  6344 | D:7      | Found a shadowy altar of Dithmenos.
  6358 | D:7      | Reached skill level 8 in Long Blades
  6670 | D:8      | Reached skill level 5 in Armour
  6898 | D:8      | Found a hide-covered altar of Uskayaw.
  7458 | D:9      | Noticed a freezing wraith
  7466 | D:9      | Noticed a cyclops
  7467 | D:9      | Noticed a centaur warrior
  7476 | D:9      | Killed a freezing wraith
  7480 | D:9      | Killed a centaur warrior
  7480 | D:9      | Reached ** piety under Okawaru
  7481 | D:9      | Reached XP level 10. HP: 67/76 MP: 10/10
  7487 | D:9      | Killed a cyclops
  7611 | D:9      | Found Icupurgh's Magic Scroll Emporium.
  7622 | D:9      | Noticed a boulder beetle
  7653 | D:9      | Noticed a deep elf knight
  7669 | D:10     | Entered Level 10 of the Dungeon
  7910 | D:9      | Killed from afar by a deep elf knight

Illustrated notes

Levels and vault maps discovered:
D:1:      shiori_arrival_whats_in_store_for_you, layout_rooms, serial_rivers,
          chequers_serial_rivers_micro_b, chequers_serial_rivers_small_3,
          chequers_serial_rivers_micro_c, chequers_serial_rivers_micro_e,
          due_unseen_surprise
D:2:      minmay_diamond_boxcup, layout_basic,
          dreamdust_ecumenical_altar_sealed_demon
D:3:      minmay_spotlight, layout_loops_ring, xom_confusion_cloud,
          gup_sewer_entry_pipe, uniq_jessica, uniq_natasha
D:4:      layout_basic, nicolae_half_adder
D:5:      layout_loops_ring, serial_bayou_pond_e, uniq_duvessa
D:6:      layout_loops_cross
D:7:      layout_basic, mainiacjoe_overflow_alcove_2, grunt_dithmenos_shadows,
          minmay_temple_entry_large_hall, uniq_joseph
D:8:      layout_cave_pods, mainiacjoe_overflow_alcove_1,
          kennysheep_generic_room_8
D:9:      minmay_chopped_fan, layout_basic, hellmonk_lair_entry_icy,
          david_orc_5, serial_shops, shop, nicolae_shop_behind_doors,
          nicolae_lakefront_shop, shop, nzn_sisyphean_effort
D:10:     layout_loops_cross, serial_library_regret_index_double_sided,
          the_hattery
Temple:   regret_index_temple_chain_breaker

Skill      XL: |  1  2  3  4  5  6  7  8  9 10 |
---------------+-------------------------------+-----
Long Blades    | 2 3 4 5 7 8 |  8.7
Armour         | 3 4 5 |  5.7
Shields        | 3 4 5 6 7 |  7.5
Dodging        | 1 2 3 4 |  4.6
Fighting       | 4 6 |  6.2
Stealth        | 1 |  1.6
Unarmed Combat | |  0.4

Action                     |  1- 3 |  4- 6 |  7- 9 | 10-12 || total
---------------------------+-------+-------+-------+-------++-------
  Melee: Long sword        |    88 |   149 |   381 |    95 ||   713
         Tailslap          |       |    13 |    66 |    18 ||    97
         Unarmed           |       |       |     4 |       ||     4
    Use: Scroll            |     3 |       |    15 |       ||    18
         Potion            |       |     1 |     4 |     3 ||     8
   Stab: Invisible         |       |       |     1 |     1 ||     2
 Armour: Scale mail        |    31 |       |       |       ||    31
         Quicksilver drago |    32 |    56 |   186 |    30 ||   304
         Skin              |       |       |     1 |       ||     1
  Dodge: Dodged            |    47 |    48 |   111 |    15 ||   221
  Block: Buckler           |    30 |    40 |   131 |       ||   201
         Tower shield      |       |       |   164 |    69 ||   233
